Elbereth, lawful female human Valkyrie -------- ------ |<|>...---....| |^|-......``..| |^||.```|.`.`.| |^||....|.....| |^|------.----| |I| |......| |`------......| |.@a.....`...`| |``-----......| ---- -------- Elbereth the Fighter Experience level: 8 Strength: 10 Dexterity: 10 Constitution: 18 Intelligence: 7 Wisdom: 13 Charisma: 11 Health: 0(84) Energy: 28(28) Def: 0 Gold: 0 Moves: 5094 Dungeon seed: -_s5BfFPpuxhoLXF Game ID: Elbereth_1607589056 Your Inventory: Scrolls j - a cursed scroll of earth Spells and supernatural/magical abilities: Name Level Category Fail Memory W - pray for help -- divine ? -- Your skills at the end: Fighting Skills Weapon Skills dagger [Basic] long sword [Basic] Spellcasting Skills Final Attributes: You were piously aligned. You were cold resistant. You were poison resistant. You were stealthy. You were fast. You were extremely unlucky. You are dead. Vanquished creatures: 2 water demons a small mimic a quivering blob a winter wolf cub 3 leprechauns a housecat a white unicorn a dust vortex a rope golem a bugbear a wood nymph 2 water nymphs 5 Uruk-hai 2 rock piercers 3 ponies a fog cloud a yellow light a shrieker a violet fungus 5 gnome lords a gnomish wizard a kobold mummy 7 giant ants 3 floating eyes 2 kittens 3 dwarves a homunculus 2 hill orcs 6 rothes a giant bat 2 monkeys 3 dwarf zombies a wererat a werejackal 3 iguanas 11 killer bees 2 acid blobs 4 coyotes 3 manes a hobgoblin 2 giant rats 2 cave spiders a brown mold a yellow mold a red mold 9 gnomes 5 garter snakes 6 geckos 5 jackals a fox a kobold 4 goblins 10 grid bugs 4 bats 4 lichens a kobold zombie 9 newts 159 creatures vanquished. Voluntary challenges: You had been an atheist until turn 4273. You used a wielded weapon 172 times, starting on turn 11. You read items or engraved 16 times, starting on turn 1615. You never genocided any monsters. You never polymorphed an object. You never changed form. You used no wishes. You never split a pudding. You never wrote Elbereth's name. You violated your moral code, losing 22 points of alignment, starting on turn 4856. Dungeon overview: The Dungeons of Doom: levels 1 to 10 Level 1 a fountain, a sink a long staircase Level 2 Level 3 a fountain Level 4 a fountain stairs to The Gnomish Mines Level 5 a general store, a fountain Level 6 a general store Level 7 a fountain Level 8 Level 9 Level 10 stairs to Sokoban The Gnomish Mines: Level 5 stairs to The Dungeons of Doom Sokoban: Level 9 <- You were here stairs to The Dungeons of Doom History has recorded: On T:1 you entered the Dungeons of Doom to retrieve the Amulet of Yendor! On T:432 you reached level 2 of The Dungeons of Doom. On T:480 you advanced to experience level 2. On T:800 you reached level 3 of The Dungeons of Doom. On T:1200 you reached level 4 of The Dungeons of Doom. On T:1230 you advanced to experience level 3. On T:1554 you advanced to experience level 4. On T:1579 you reached level 1 of The Gnomish Mines. On T:1702 you advanced to experience level 5. On T:1903 you reached level 5 of The Dungeons of Doom. On T:2362 you reached level 6 of The Dungeons of Doom. On T:2791 you reached level 7 of The Dungeons of Doom. On T:2810 you advanced to experience level 6. On T:3285 you reached level 8 of The Dungeons of Doom. On T:3765 you advanced to experience level 7. On T:3979 you reached level 9 of The Dungeons of Doom. On T:4287 you reached level 10 of The Dungeons of Doom. On T:4319 you advanced to experience level 8. On T:4794 you reached level 4 of Sokoban. Score breakdown: Gold: 0 ( 0 points) Experience: 8 levels (14739 points) Exploration: 10 levels ( 19.61%) (12727 points) Discoveries: 19 items ( 7.72%) ( 8337 points) Valuables value: (no points given unless you survive) Artifact value: 0 ( 0 points) Variety of kills: 57 monsters ( 14.96%) (11603 points) Turncount: 5094 turns (-1382 points) Survival: died (score multiplied by 80%) Total score: 36819 Latest messages: You hear a monster behind the boulder. Perhaps that's why you cannot move it. You hear a monster behind the boulder. Perhaps that's why you cannot move it. With great effort you move the boulder. The soldier ant bites! The soldier ant stings! With great effort you move the boulder. The soldier ant bites! The soldier ant stings! The soldier ant bites! The soldier ant stings! You try to move the boulder, but in vain. (10x) The soldier ant bites! The soldier ant stings! The soldier ant bites! The soldier ant stings! You begin bashing monsters with your bare hands. You miss the soldier ant. The soldier ant bites! The soldier ant stings! You die... Final status: Farvel Elbereth the Valkyrie, killed by a soldier ant... You died in Sokoban on dungeon level 9 with 36819 points, and 0 pieces of gold, after 5094 moves. You were level 8 with a maximum of 84 hit points when you died.